Map: [ESL] Data-C

Players

ForJumy

  • Race: Protoss Protoss
  • Spawn Location: 9:00

ShoWTimE - Winner!

  • Race: Protoss Protoss
  • Spawn Location: 3:00

Event: DreamHack SC2 Masters 2022 Atlanta (Online)

VOD

Have the link to the VOD?

Description

Time

  • Played on: Oct. 1, 2022, 1:09 p.m.
  • Length: 10:35

All games in this series

Show
View Real Time Build Order
Export as new Build Order

ForJumy Protoss 

Build Orders:  

Get SALT Encoding   

  12  0:01  Probe  
  13  0:13  Probe  
  14  0:25  Probe  
  15  0:33  Pylon  
  15  0:51  Gateway  
  15  0:52  Gateway  
  15  0:57  Forge  
  15  1:08  Pylon  
  15  1:31  Photon Cannon  
  15  1:32  Photon Cannon  
  15  1:38  Zealot (Chrono Boost)  
  17  1:42  Zealot (Chrono Boost)  
  19  1:56  Zealot (Chrono Boost)  
  19  1:58  Zealot  
  23  2:03  Probe  
  24  2:08  Assimilator  
  24  2:19  Cybernetics Core  
  24  2:23  Probe (Chrono Boost)  
  25  2:31  Assimilator  
  25  2:35  Probe (Chrono Boost)  
  26  2:41  Probe (Chrono Boost)  
  27  2:49  Probe  
  27  2:51  Pylon  
  28  3:03  Probe  
  29  3:15  Probe  
  30  3:20  Stargate  
  30  3:28  Probe  
  31  3:35  Adept  
  31  3:36  Adept  
  34  3:41  Probe  
  34  3:46  Pylon  
  32  3:56  Probe  
  33  4:06  Void Ray (Chrono Boost)  
  37  4:10  Probe  
  38  4:18  Pylon  
  38  4:39  Void Ray (Chrono Boost)  
  38  4:53  Nexus  
  38  5:05  Probe  
  39  5:15  Void Ray (Chrono Boost)  
  35  5:24  Probe  
  35  5:25  Cybernetics Core  
  36  5:34  Pylon  
  36  5:36  Probe  
  36  5:40  Photon Cannon  
  41  5:58  Probe  
  41  6:01  Warp Gate, Void Ray  
  42  6:05  Probe  
  43  6:12  Robotics Facility  
  43  6:17  Probe (Chrono Boost)  
  45  6:18  Probe (Chrono Boost)  
  45  6:22  Shield Battery  
  45  6:28  Probe (Chrono Boost)  
  45  6:30  Probe (Chrono Boost)  
  47  6:33  Probe (Chrono Boost)  
  47  6:39  Probe  
  49  6:46  Shield Battery  
  53  6:55  Void Ray (Chrono Boost)  
  53  6:56  Probe  
  53  6:57  Pylon  
  47  7:13  Immortal  
  46  7:25  Probe x2  
  46  7:27  Oracle (Chrono Boost)  
  51  7:37  Probe x2  
  51  7:41  Twilight Council  
  53  7:49  Probe  
  50  7:54  Immortal (Chrono Boost)  
  50  7:55  Probe  
  55  8:01  Probe  
  56  8:06  Gateway  
  56  8:07  Gateway  
  56  8:08  Assimilator  
  56  8:09  Probe  
  57  8:16  Shield Battery x2  
  57  8:19  Blink  
  57  8:24  Probe  
  58  8:35  Pylon  
  58  8:38  Probe  
  58  8:44  Immortal (Chrono Boost)  
  61  8:56  Assimilator  
  61  8:58  Void Ray  
  61  8:59  Gateway  
  61  9:04  Pylon  
  61  9:05  Pylon  
  61  9:09  Pylon  
  61  9:13  Immortal (Chrono Boost)  
  62  9:23  Zealot x2  
  66  9:28  Gateway  
  66  9:35  Stalker x2  
  69  9:42  Warp Prism (Chrono Boost)  
  71  9:48  Sentry x2  
  70  9:53  Pylon  
  70  9:56  Sentry  
  70  10:14  Stalker x2  
  74  10:23  Stalker  
  68  10:31  Sentry  
Show
View Real Time Build Order
Export as new Build Order

ShoWTimE Protoss - Winner!

Build Orders:  

Get SALT Encoding   

  12  0:00  Probe  
  13  0:12  Probe  
  14  0:17  Pylon  
  14  0:24  Probe (Chrono Boost)  
  15  0:36  Probe (Chrono Boost)  
  15  0:38  Gateway  
  16  0:44  Probe (Chrono Boost)  
  16  0:47  Assimilator  
  17  0:51  Probe  
  18  1:03  Probe  
  19  1:15  Probe  
  20  1:23  Forge  
  20  1:25  Zealot, Cybernetics Core  
  22  1:34  Pylon  
  22  1:39  Pylon  
  22  1:54  Assimilator  
  23  1:58  Photon Cannon  
  22  2:03  Robotics Facility  
  22  2:10  Probe  
  23  2:18  Gateway  
  23  2:22  Probe  
  24  2:32  Photon Cannon  
  24  2:51  Immortal (Chrono Boost)  
  28  3:03  Stalker (Chrono Boost)  
  28  3:11  Assimilator  
  30  3:15  Pylon  
  30  3:27  Stalker  
  32  3:33  Probe  
  33  3:36  Cybernetics Core  
  34  3:52  Warp Prism  
  34  3:58  Probe  
  34  4:02  Pylon  
  35  4:09  Warp Gate (Chrono Boost)  
  35  4:12  Stalker  
  37  4:18  Probe  
  37  4:30  Probe  
  37  4:46  Nexus  
  37  4:48  Observer  
  37  4:49  Probe  
  39  4:57  Gateway  
  39  5:01  Probe  
  40  5:13  Probe  
  39  5:26  Probe  
  39  5:27  Gateway  
  40  5:29  Twilight Council  
  40  5:38  Probe  
  41  5:50  Probe  
  41  5:51  Stalker x2  
  41  5:54  Observer, Blink (Chrono Boost)  
  46  5:59  Probe  
  46  6:00  Observer  
  46  6:02  Probe  
  48  6:09  Observer  
  48  6:11  Probe  
  48  6:14  Probe  
  48  6:18  Stalker  
  52  6:20  Stalker  
  52  6:23  Probe  
  52  6:25  Stalker  
  57  6:26  Probe  
  58  6:34  Shield Battery  
  58  6:36  Probe  
  58  6:38  Probe  
  60  6:48  Stalker  
  60  6:49  Stalker x2  
  60  6:51  Probe  
  67  7:07  Probe  
  58  7:09  Observer  
  58  7:11  Warp Prism  
  58  7:12  Probe  
  58  7:13  Assimilator  
  61  7:19  Probe  
  61  7:21  Protoss Ground Weapons Level 1 (Chrono Boost)  
  61  7:22  Nexus  
  62  7:24  Probe  
  63  7:31  Probe  
  63  7:36  Stalker  
  66  7:43  Pylon  
  66  7:45  Probe x2  
  68  7:57  Observer, Probe  
  69  7:59  Probe  
  69  8:01  Gateway, Stalker x2  
  69  8:02  Gateway  
  69  8:04  Pylon  
  74  8:09  Probe  
  74  8:10  Pylon  
  74  8:11  Probe  
  76  8:17  Pylon  
  76  8:22  Probe  
  76  8:25  Stalker x2  
  81  8:30  Probe  
  81  8:31  Stalker  
  81  8:38  Probe  
  81  8:39  Probe  
  81  8:48  Stalker x2  
  81  8:52  Charge (Chrono Boost)  
  81  8:54  Pylon  
  81  8:55  Stalker  
  87  8:59  Gateway  
  87  9:00  Stalker  
  89  9:03  Zealot  
  89  9:09  Probe x2  
  94  9:10  Probe  
  94  9:13  Stalker  
  96  9:20  Stalker  
  96  9:21  Stalker  
  100  9:24  Assimilator  
  100  9:32  Pylon  
  100  9:35  Stalker  
  102  9:39  Zealot x2  
  106  9:47  Zealot x2  
  106  9:49  Nexus  
  106  9:51  Pylon  
  110  9:56  Zealot  
  112  10:00  Gateway  
  112  10:01  Gateway  
  112  10:02  Zealot x2  
  110  10:09  Zealot  
  110  10:10  Zealot x2  
  116  10:18  Templar Archives  
  116  10:20  Zealot  
  118  10:22  Probe x3  
Tags
 
Add a new tag
Caveats
  • Supply blocks, unpowered buildings, or Contaminate may cause inaccurate times.
  • Supply counts are checked every 10 seconds.